 Dungeon Crawl Stone Soup version 0.15-a0-2193-g309c75d (webtiles) character file.

701 Ololoev the Thrower (level 7, -2/55 HPs)
             Began as a Centaur Hunter on July 22, 2014.
             Killed from afar by an orc wizard (10 damage)
             ... with a puff of frost
             ... on Level 5 of the Dungeon.
             The game lasted 00:25:34 (4715 turns).

Ololoev the Thrower (Centaur Hunter)                Turns: 4715, Time: 00:25:36

HP  -2/55        AC  6     Str 15      XL: 7   Next: 38%
MP   5/5         EV  9     Int 10      God:
Gold 255         SH  0     Dex 11      Spells:  0 memorised,  6 levels left

rFire  . . .     SeeInvis .     p - +0 mace (holy)
rCold  . . .     Clarity  .     d - +1 leather armour
rNeg   . . .     rCorr    .     (no shield)
rPois  .         rRot     .     (no helmet)
rElec  .         Spirit   .     (no cloak)
SustAb .         Warding  .     (no gloves)
rMut   .         Stasis   .     (no barding)
Gourm  .                        (no amulet)
MR     .....                    y - ring of stealth
                                n - ring of stealth

@: very quick, not resistant to hostile enchantments, fairly stealthy
A: hooves 3, icy blue scales 1, deformed body, speed 2, tough skin 3
a: no special abilities


You were on level 5 of the Dungeon.
You were not hungry.

You visited 1 branch of the dungeon, and saw 5 of its levels.

You collected 255 gold pieces.

Inventory:

Hand weapons
 e - a +0 blowgun
 p - a +0 mace of holy wrath (weapon)
Missiles
 b - 6 javelins (quivered)
 q - a tomahawk
 x - 6 poisoned needles
Armour
 d - a +1 leather armour (worn)
Magical devices
 o - a wand of confusion (14)
Comestibles
 a - a meat ration
 f - 6 bread rations
 i - 2 beef jerkies
Scrolls
 g - a scroll of magic mapping
 m - a scroll of enchant armour
 s - 2 scrolls of teleportation
 u - a scroll of fog
Jewellery
 n - a ring of stealth (left hand)
 y - a ring of stealth (right hand)
Potions
 h - a potion of magic
 j - a potion of haste
 l - a potion of mutation {unknown}
 t - a potion of degeneration {unknown}
 w - a potion of invisibility {unknown}


   Skills:
 - Level 2.0 Fighting
   Level 0.8 Short Blades
 + Level 3.9 Maces & Flails
 + Level 10.2 Throwing
 - Level 1.3 Dodging
 - Level 0.5 Stealth


You had 6 spell levels left.
You didn't know any spells.

Dungeon Overview and Level Annotations

Branches:
Dungeon (5/15)
 Temple: D:4-7

Altars:
Qazlal
Sif Muna


Innate Abilities, Weirdness & Mutations

You have hooves in place of feet.
Armour fits poorly on your strangely shaped body.
You cover ground very quickly.
You have extremely tough skin (AC +3).
You are partially covered in icy blue scales (AC +1).


Message History

The adder bites you.
* * * LOW HITPOINT WARNING * * *
You hit the adder. You kick the adder.
The adder is heavily wounded.
The adder bites you but does no damage.
The orc wizard struggles against the net.
The net rips apart, and the orc wizard comes free!
You hit the adder.
The adder is severely wounded.
The adder closely misses you.
The orc wizard mumbles some strange words.
You feel troubled. The adder bites you but does no damage.
You hit the adder.
You kill the adder!
The orc wizard casts a spell at you. The puff of frost hits you!
* * * LOW HITPOINT WARNING * * *
The orc wizard points at you and mumbles some strange words.
The puff of frost hits you!
You die...

#.##...##.#
####.##...#).#
.............##
.######.###......#
..................#
.######.####.....#
#<..##....##
#.#.#.....#
#.#.....#@#
#.###...#%# #.#
#...#.# ..# #...#.#
..# #####o# #.# #(#
#.# #.# #(# #..#
#o#


You could see an orc wizard and an orc (wandering).

Vanquished Creatures
  Eustachio (D:4)
  A sky beast (D:5)
  A crimson imp (D:5)
  A giant frog zombie (D:5)
  4 orc priests
  An orc wizard (D:4)
  3 worker ants
  A hound skeleton (D:4)
  7 adders
  A giant mite (D:3)
  2 worms
  3 giant geckos
  3 oozes
  11 orcs
  3 giant cockroaches
  11 goblins
  10 hobgoblins
  5 jackals
  2 quokkas
  2 ball pythons (D:2)
  9 bats
  7 giant newts
  A hobgoblin skeleton (D:4)
  13 kobolds
  7 rats
110 creatures vanquished.

Notes
Turn   | Place    | Note
--------------------------------------------------------------
     0 | D:1      | Ololoev, the Centaur Hunter, began the quest for the Orb.
     0 | D:1      | Reached XP level 1. HP: 17/17 MP: 1/1
   512 | D:1      | Reached XP level 2. HP: 21/24 MP: 2/2
   686 | D:1      | Reached skill level 6 in Throwing
  1163 | D:2      | Reached XP level 3. HP: 19/29 MP: 3/3
  1438 | D:2      | Reached skill level 7 in Throwing
  2052 | D:2      | Reached XP level 4. HP: 34/36 MP: 3/3
  2763 | D:3      | Reached skill level 8 in Throwing
  2998 | D:4      | Reached XP level 5. HP: 26/41 MP: 4/4
  3170 | D:4      | Gained mutation: You are partially covered in icy blue scales (AC +1). [potion of beneficial mutation]
  3224 | D:4      | Reached skill level 1 in Maces & Flails
  3784 | D:3      | Reached skill level 9 in Throwing
  3862 | D:3      | Reached XP level 6. HP: 48/48 MP: 5/5
  4020 | D:3      | Found a stormy altar of Qazlal.
  4404 | D:4      | Noticed Eustachio
  4429 | D:4      | Killed Eustachio
  4492 | D:4      | Found a deep blue altar of Sif Muna.
  4552 | D:5      | Entered Level 5 of the Dungeon
  4618 | D:5      | Reached XP level 7. HP: 55/55 MP: 5/5
  4643 | D:5      | Reached skill level 10 in Throwing
  4715 | D:5      | Killed from afar by an orc wizard

Action                   |  1- 3 |  4- 6 |  7- 9 || total
-------------------------+-------+-------+-------++-------
Melee: Short sword       |   101 |    35 |       ||   136
       Flail             |       |    34 |     4 ||    38
       Mace              |       |       |     8 ||     8
 Fire: Blowgun           |       |    37 |     6 ||    43
Throw: Stone             |    46 |   144 |    20 ||   210
       Javelin           |     2 |     7 |       ||     9
       Tomahawk          |       |    10 |     4 ||    14
       Throwing net      |       |       |     3 ||     3
Evoke: Wand              |       |     1 |       ||     1
  Use: Scroll            |     8 |     8 |       ||    16
       Potion            |       |     4 |     1 ||     5
  Eat: Chunk             |     2 |     7 |       ||     9
